AoeStats
← RedJenga7

Fortress

507573210Analyzed
4v4 RM · 14d ago on Sep 18, 2026· 47m 44s· 8 players
Game mode
Random Map
Map size
Huge
Population
200
Speed
Normal
Resources
Standard
Victory
Conquest
Starting age
Dark Age
Ending age
Imperial Age
RankedLock teamsTeams togetherTeam positionsShared explorationLock speedFull tech treeHidden civsTurbo modeCheats
Victory
Defeat
🇱🇹 Spanish · Lithuania
1280
+13
🇧🇦 Khmer · Bosnia & Herzegovina
1256
+14
🇵🇱 Cumans · Poland
1237
+14
🇫🇷 Hindustanis · France
1224
+15
🇫🇮 Bohemians · Finland
1277
-17
🇬🇧 Gurjaras · United Kingdom
1184
-13
🇹🇷 Britons · Türkiye
1182
-13
🇬🇧 Japanese · United Kingdom
1179
-13
Firkrag
7:13 Feudal Age
7:48 Double-Bit Axe
7:49 Horse Collar
12:12 Wheelbarrow
16:00 Castle Age
18:06 Bow Saw
18:54 Loom
18:56 Town Watch
21:34 Heavy Plow
23:26 Hand Cart
27:19 Imperial Age
26:43 Town Patrol
27:50 Bloodlines
27:50 Scale Barding Armor
27:56 Forging
28:01 Devotion
28:59 Conscription
28:43 Steppe Husbandry
28:17 Elite Steppe Lancer
29:10 Caravan
30:37 Two-Man Saw
30:07 Chain Barding Armor
30:01 Gold Mining
31:36 Crop Rotation
31:45 Hoardings
31:02 Capped Ram
32:50 Plate Barding Armor
32:51 Iron Casting
36:45 Blast Furnace
35:59 Light Cavalry
37:13 Hussar
41:36 Siege Ram
fairoz05329
7:30 Feudal Age
8:44 Double-Bit Axe
11:30 Castle Age
10:31 Forging
10:37 Gold Mining
10:28 Horse Collar
13:59 Wheelbarrow
17:55 Bow Saw
18:55 Hand Cart
20:43 Heavy Plow
22:51 Iron Casting
25:48 Imperial Age
23:19 Loom
24:02 Stone Mining
24:26 Scale Barding Armor
24:33 Bloodlines
26:16 Chain Barding Armor
26:10 Scale Mail Armor
26:01 Fletching
26:11 Padded Archer Armor
26:49 Onager
28:15 Bodkin Arrow
28:44 Conscription
29:27 Leather Archer Armor
30:07 Thumb Ring
31:15 Chemistry
31:03 Ballistics
30:54 Masonry
31:15 Chain Mail Armor
32:06 Hoardings
34:03 Blast Furnace
33:41 Light Cavalry
34:19 Hussar
35:42 Plate Barding Armor
36:27 Siege Engineers
42:00 Bracer
42:31 Ring Archer Armor
Bangputys
9:24 Feudal Age
12:38 Castle Age
10:44 Double-Bit Axe
11:06 Gold Mining
11:12 Horse Collar
13:42 Bow Saw
16:41 Loom
18:21 Wheelbarrow
19:27 Padded Archer Armor
25:33 Hand Cart
30:43 Imperial Age
28:32 Loom
28:56 Scale Barding Armor
29:06 Forging
30:09 Husbandry
30:20 Bloodlines
30:54 Cavalier
31:59 Chain Barding Armor
33:04 Iron Casting
33:37 Plate Barding Armor
35:04 Chemistry
34:32 Paladin
36:41 Heavy Plow
37:43 Blast Furnace
38:29 Town Watch
41:01 Light Cavalry
42:08 Hussar
offbyone
6:50 Feudal Age
11:05 Castle Age
10:05 Double-Bit Axe
10:49 Horse Collar
16:04 Husbandry
17:12 Bloodlines
18:28 Ballistics
21:36 Scale Barding Armor
26:17 Imperial Age
24:52 Chain Barding Armor
26:07 Wheelbarrow
25:51 Loom
26:21 Gold Mining
27:35 Conscription
28:04 Bow Saw
30:42 Chemistry
29:56 Heavy Plow
31:03 Plate Barding Armor
29:52 Light Cavalry
30:56 Hussar
33:53 Double Crossbow
34:32 Crop Rotation
35:45 Elite Ballista Elephant
37:18 Forging
38:38 Iron Casting
41:14 Blast Furnace
45:51 Pikeman
47:59 Siege Engineers
milaqet
6:53 Feudal Age
8:10 Loom
11:17 Castle Age
9:56 Double-Bit Axe
9:52 Horse Collar
21:30 Bloodlines
21:28 Town Watch
22:12 Husbandry
23:04 Fletching
28:25 Bow Saw
28:42 Heavy Plow
30:20 Wheelbarrow
35:38 Imperial Age
32:45 Light Cavalry
33:32 Scale Barding Armor
35:09 Forging
36:05 Chain Barding Armor
38:41 Plate Barding Armor
37:59 Heavy Camel Rider
42:09 Iron Casting
43:49 Conscription
Finarfin
6:02 Feudal Age
7:21 Wheelbarrow
6:32 Double-Bit Axe
6:55 Horse Collar
13:49 Castle Age
14:45 Hand Cart
14:30 Heavy Plow
14:41 Bow Saw
14:33 Loom
14:33 Town Watch
20:44 Wagenburg Tactics
21:25 Town Patrol
28:37 Imperial Age
27:16 Fletching
28:05 Coinage
27:35 Caravan
27:56 Padded Archer Armor
28:51 Bodkin Arrow
29:11 Leather Archer Armor
29:33 Bracer
29:56 Conscription
30:42 Banking
31:04 Husbandry
30:25 Light Cavalry
30:43 Elite Hussite Wagon
32:06 Hussite Reforms
31:31 Sappers
32:25 Scale Mail Armor
32:56 Ring Archer Armor
33:36 Guilds
34:29 Chain Mail Armor
34:24 Forging
34:17 Squires
33:38 Pikeman
34:03 Arson
36:37 Plate Mail Armor
36:42 Iron Casting
37:10 Chemistry
37:07 Ballistics
37:21 Houfnice
43:56 Blast Furnace
43:57 Halberdier
Scandinavian
2:54 Loom
6:44 Feudal Age
7:13 Double-Bit Axe
7:17 Horse Collar
14:24 Castle Age
12:56 Fletching
13:59 Gold Mining
15:12 Padded Archer Armor
15:16 Elite Skirmisher
23:56 Bow Saw
29:52 Heavy Plow
32:09 Leather Archer Armor
32:31 Ballistics
32:43 Town Watch
34:36 Wheelbarrow
34:21 Caravan
34:10 Treadmill Crane
36:30 Hand Cart
43:29 Imperial Age
45:30 Hand Cart
47:38 Bodkin Arrow
RedJenga7
7:17 Feudal Age
11:22 Castle Age
9:17 Double-Bit Axe
9:26 Horse Collar
12:52 Bow Saw
17:11 Heavy Plow
18:33 Wheelbarrow
17:52 Loom
19:55 Gold Mining
23:06 Hand Cart
26:46 Imperial Age
24:21 Scale Mail Armor
25:07 Forging
25:10 Squires
24:55 Arson
24:56 Gambesons
25:29 Chain Mail Armor
26:20 Gold Shaft Mining
26:58 Iron Casting
25:46 Pikeman
26:32 Stone Mining
26:55 Elite Samurai
29:04 Blast Furnace
30:09 Kataparuto
30:22 Halberdier
34:34 Conscription
45:53 Plate Mail Armor
Connection lost

Rejoining the realm…

Still unreachable

The connection could not be restored.

Session expired

The server has moved on; the page needs a fresh start.